 Dungeon Crawl Stone Soup version 0.23.0 (webtiles) character file.

Game seed: 6713046623435037986

67 Mgcat the Skirmisher (level 4, 0/50 HPs)
             Began as an Ogre Fighter on Feb 12, 2019.
             Slain by a gnoll
             ... wielding a +0 spear
              (1 damage)
             ... on level 2 of the Dungeon.
             The game lasted 00:02:09 (1485 turns).

Mgcat the Skirmisher (Ogre Fighter)                 Turns: 1485, Time: 00:02:10

Health: 0/50       AC:  3    Str: 25    XL:     4   Next: 16%
Magic:  4/4        EV:  8    Int:  9    God:
Gold:   47         SH:  8    Dex:  9    Spells: 3/3 levels left

rFire    . . .     SeeInvis .   a - +0 war axe
rCold    . . .     Gourm    .   c - +0 shield
rNeg     . . .     Faith    .   b - +0 robe
rPois    .         Spirit   .   (helmet restricted)
rElec    .         Reflect  .   (no cloak)
rCorr    .         Harm     .   (gloves unavailable)
MR       .....                  (boots unavailable)
Stlth    +.........             (no amulet)
HPRegen  0.16/turn              (no ring)
MPRegen  0.09/turn              (no ring)

@: mighty
A: large, unfitting armour, tough skin 1
a: no special abilities


You were on level 2 of the Dungeon.
You were not hungry.

You visited 1 branch of the dungeon, and saw 2 of its levels.

You collected 47 gold pieces.

Inventory:

Hand Weapons
 a - a +0 war axe (weapon)
Missiles
 j - 14 tomahawks (quivered)
Armour
 b - a +0 robe (worn)
 c - a +0 shield (worn)
Scrolls
 e - a scroll of enchant weapon {unknown}
 g - 2 scrolls of remove curse
 k - a scroll of fear {unknown}
 l - 2 scrolls of identify {unknown}
 n - a scroll of enchant armour {unknown}
 p - a scroll of blinking {unknown}
Potions
 d - 2 potions of might
 h - 2 potions of flight {unknown}
 i - a potion of mutation {unknown}
 m - a potion of brilliance {unknown}
 o - a potion of haste {unknown}
Comestibles
 f - 3 rations
 q - 3 chunks of flesh {@w0}


   Skills:
 + Level 5.4 Fighting
 + Level 3.3 Axes
 - Level 2.6 Dodging
 - Level 2.6 Shields


You had 3 spell levels left.
You didn't know any spells.
Your spell library was empty.

Dungeon Overview and Level Annotations

Branches:
Dungeon (2/15)

Altars:
Okawaru


Innate Abilities, Weirdness & Mutations

You are too large for most types of armour.
You have tough skin. (AC +1)


Message History

Warning x3: The gnoll can hit for moderate damage in melee, and throws nets! x3
Okay, then.
You open the door. 2 goblins and a kobold come into view.
The kobold shouts!
The goblin shouts!
You hear a shout!
The gnoll hits you but does no damage.
The goblin throws a stone.
The stone hits you but does no damage. The gnoll barely misses you.
You hear a shout!
Danger x4: gnoll x4!
A goblin, a gnoll and a kobold come into view.
The goblin shouts!
The gnoll shouts!
The goblin throws a stone.
The stone misses you. The kobold barely misses you.
Found an iron altar of Okawaru.
There is an open door here.
Warning x3: The gnoll can hit for moderate damage in melee, and throws nets! x3
Unknown command.
As you read the scroll labeled YRIEHO DAUFO, it crumbles to dust.
You feel blessed for a moment.
It was a scroll of remove curse.
The kobold splashes around in the water.
You block the gnoll's attack.
Danger x4: gnoll x4!
You feel very mighty all of a sudden. You block the goblin's attack.
The gnoll hits you from afar with a +0 spear!
* * * LOW HITPOINT WARNING * * *
The kobold barely misses you.
You take 13 damage, and have 2/42 hp.
MASSIVE DAMAGE!!
Danger x4: gnoll x4!
Unknown command.
Unknown command.
Unknown command.
Unknown command.
You slash the gnoll!
The gnoll is heavily wounded.
You barely miss the goblin. You closely miss the kobold.
The gnoll closely misses you. You block the goblin's attack.
The gnoll closely misses you.
The kobold splashes around in the water.
You block the goblin's attack.
Danger x4: gnoll x4!
Unknown command.
Unknown command.
Unknown command.
You slash the gnoll!
You kill the gnoll!
You have reached level 4!
You hit the kobold.
You kill the kobold!
You hear a splash.
You miss the goblin. You block the gnoll's attack.
The gnoll throws a stone.
You block the stone. You block the goblin's attack.
You block the gnoll's attack.
MP restored: 4 Warning x3: The gnoll can hit for moderate damage in melee, and throws nets! x3
Unknown command.
Unknown command.
Unknown command.
Unknown command.
Unknown command.
Unknown command.
Warning x3: The gnoll can hit for moderate damage in melee, and throws nets! x3
Unknown command.
You closely miss the goblin. x2; The goblin hits you but does no damage.
The goblin barely misses you. The gnoll barely misses you.
You block the goblin's attack.
Unknown command.
Unknown command.
Warning x3: The gnoll can hit for moderate damage in melee, and throws nets! x3
Unknown command.
Unknown command.
Unknown command.
Unknown command.
Unknown command.
Unknown command.
Warning x3: The gnoll can hit for moderate damage in melee, and throws nets! x3
You slash the goblin!
You kill the goblin!
You hit the goblin.
You kill the goblin!
You hear a splash.
You block the gnoll's attack.
The kobold throws a stone.
The stone closely misses you.
Warning x3: The gnoll can hit for moderate damage in melee, and throws nets! x3
Unknown command.
Unknown command.
Unknown command.
Unknown command.
Unknown command.
You closely miss the goblin. You barely miss the gnoll.
The gnoll closely misses you.
The gnoll splashes around in the water.
You block the goblin's attack. The gnoll closely misses you.
The gnoll hits you but does no damage.
Warning x3: The gnoll can hit for moderate damage in melee, and throws nets! x3
Unknown command.
Unknown command.
Unknown command.
You closely miss the gnoll. You barely miss the goblin. The goblin hits you.
* * * LOW HITPOINT WARNING * * *
The gnoll hits you from afar with a +0 spear.
You die...

#..#.##.#.# #.<#.# .# #
#?.#.# .# #.)... ..
...... ####### ###
######.#.#.# #####.##
#.(.#≈≈≈≈≈≈# .....#.##
#.#(@gK...._ ###.###.##
#.#)#g≈≈≈≈≈# ##.##
##.## #gg.#.#.#.##
..#######.###.#########
...............g..gg...
....###..####.###?###g.
......... ..... ..
......>.........# ...
####...#......##.# ###


You could see 3 gnolls, a goblin and a kobold.

Vanquished Creatures
  A gnoll (D:2)
  3 adders (D:2)
  A worm (D:2)
  A dart slug (D:2)
  A ball python (D:1)
  2 giant cockroaches
  3 goblins
  4 hobgoblins
  5 kobolds
  2 bats
  3 frilled lizards
  2 rats
28 creatures vanquished.

Notes
Turn   | Place    | Note
-------+----------+-------------------------------------------
     0 | D:1      | Mgcat the Ogre Fighter began the quest for the Orb.
     0 | D:1      | Reached XP level 1. HP: 24/24 MP: 1/1
   364 | D:1      | Reached XP level 2. HP: 33/33 MP: 2/2
  1067 | D:2      | Reached XP level 3. HP: 40/41 MP: 3/3
  1119 | D:2      | Reached skill level 5 in Fighting
  1122 | D:2      | Reached skill level 3 in Axes
  1477 | D:2      | Found an iron altar of Okawaru.
  1479 | D:2      | HP: 2/42 [gnoll/+0 spear (13)]
  1481 | D:2      | Reached XP level 4. HP: 3/50 MP: 4/4
  1485 | D:2      | HP: 1/50 [goblin (3)]
  1485 | D:2      | Slain by a gnoll

Skill      XL: |  1  2  3 |
---------------+----------+-----
Fighting       | 5 |  5.4
Axes           | 3 |  3.3
Dodging        | |  2.6
Shields        | |  2.6

Action                   |  1- 3 |  4- 6 || total
-------------------------+-------+-------++-------
Melee: War axe           |    76 |     4 ||    80
Throw: Tomahawk          |     2 |       ||     2
  Use: Scroll            |     1 |       ||     1
       Potion            |     1 |       ||     1
  Eat: Chunk             |     2 |       ||     2
Armor: Robe              |    10 |     2 ||    12
Dodge: Dodged            |    39 |     5 ||    44
Block: Shield            |    36 |     7 ||    43

Levels and vault maps discovered:
D:1:      tarquinn_simple_flora_water_f, layout_basic, serial_corexii_hall,
          corexii_hall_statues_x, corexii_hall_statues_i, corexii_hall_statues_t
D:2:      layout_loops_ring, lemuel_round_altar, grunt_temple_overflow_open,
          minmay_misc_feat_room, okawaru_altar_gauntlet_db

Table legend:
 A = Turns spent in this place as a percentage of turns spent in the entire game.
 B = Non-inter-level travel turns spent in this place as a percentage of non-inter-level travel turns spent in the entire game.
 C = Inter-level travel turns spent in this place as a percentage of turns spent in this place.
 D = Turns resting spent in this place as a percentage of non-inter-level travel turns spent in this place.
 E = Turns spent auto-exploring this place as a percentage of non-inter-level travel turns spent in this place.
 F = Non-inter-level travel turns spent in this place divided by the number of levels of this place that you've seen.
                   A       B       C       D       E      F
               +-------+-------+-------+-------+-------+----------------------
         Total | 100.0 | 100.0 |   3.4 |  10.9 |  76.8 | 717.5
       Dungeon | 100.0 | 100.0 |   3.4 |  10.9 |  76.8 | 717.5
               +-------+-------+-------+-------+-------+----------------------

Table legend:
 A = Kills in this place as a percentage of kills in entire the game.
 B = Kills by you in this place as a percentage of kills by you in the entire game.
 C = Kills by friends in this place as a percentage of kills by friends in the entire game.
 D = Other kills in this place as a percentage of other kills in the entire game.
 E = Experience gained in this place as a percentage of experience gained in the entire game.
 F = Experience gained in this place divided by the number of levels of this place that you have seen.
                   A       B       C       D       E      F
               +-------+-------+-------+-------+-------+----------------------
         Total | 100.0 | 100.0 |   N/A |   N/A | 100.0 |  48.0
       Dungeon | 100.0 | 100.0 |   N/A |   N/A | 100.0 |  48.0
               +-------+-------+-------+-------+-------+----------------------
